Map: Bridgehead LE (Void)

Players

Crabro - Winner!

  • Race: Zerg Zerg
  • League: Platinum

Thaw

  • Race: Protoss Protoss
  • League: Gold

VOD

https://www.youtube.com/watch?v=3ONJ_76Ahno&feature=iv&src_vid=Jm5-Tze6UuM&annotation_id=annotation_3519191051

Description

Swarm Hosts stop adept immortal push

Time

  • Played on: Oct. 5, 2015, 3:01 p.m.
  • Length: 9:05
Show
View Real Time Build Order
Export as new Build Order

Crabro Zerg - Winner!

Build Orders: Hatch First, Swarm Host 

Get SALT Encoding   

  12  0:01  Drone  
  13  0:12  Overlord  
  13  0:19  Drone  
  14  0:31  Drone x2  
  14  0:35  Drone  
  17  0:55  Hatchery  
  16  0:58  Drone  
  17  1:12  Spawning Pool  
  17  1:13  Drone  
  17  1:20  Drone  
  17  1:22  Drone  
  19  1:30  Overlord  
  19  1:38  Extractor  
  19  1:39  Overlord  
  18  1:49  Drone  
  19  2:00  Queen  
  21  2:02  Zergling x2  
  21  2:07  Queen  
  24  2:10  Zergling x2  
  24  2:14  Drone  
  26  2:18  Drone  
  26  2:22  Drone  
  28  2:29  Drone  
  29  2:32  Drone  
  30  2:40  Drone  
  31  2:45  Drone  
  31  2:48  Lair  
  32  2:52  Extractor  
  32  2:53  Extractor  
  29  3:02  Queen  
  29  3:04  Overlord  
  29  3:05  Drone x3  
  34  3:14  Roach Warren  
  34  3:16  Drone  
  34  3:18  Drone  
  35  3:22  Drone  
  35  3:38  Drone x3  
  35  3:39  Drone x3  
  41  3:47  Drone x2  
  41  3:48  Drone  
  44  3:52  Drone, Infestation Pit  
  43  4:25  Overlord  
  43  4:28  Swarm Host x3  
  52  4:36  Overlord  
  52  4:44  Swarm Host x2  
  58  4:54  Roach x3  
  62  5:09  Roach  
  62  5:10  Roach x2  
  67  5:37  Overlord x3  
  63  5:57  Roach  
  63  5:58  Roach x7  
  79  6:04  Glial Reconstitution  
  79  6:06  Drone x3  
  79  6:09  Extractor  
  77  6:14  Roach x2  
  77  6:17  Hatchery  
  76  6:32  Roach x5  
  86  7:07  Roach x3  
  92  7:13  Swarm Host x2  
  92  7:15  Overlord  
  92  7:18  Overlord x2  
  92  7:21  Evolution Chamber  
  91  7:30  Queen  
  91  7:32  Drone x3  
  96  7:40  Drone x2  
  96  7:42  Drone  
  99  7:54  Spine Crawler  
  98  8:06  Roach x2  
  98  8:07  Roach x6  
  98  8:08  Roach  
  98  8:10  Drone  
  117  8:18  Hatchery  
  116  8:45  Roach  
Show
View Real Time Build Order
Export as new Build Order

Thaw Protoss 

Build Orders: 1 Gate Expand 

Get SALT Encoding   

  12  0:00  Probe (Chrono Boost)  
  13  0:11  Probe (Chrono Boost)  
  14  0:21  Pylon  
  14  0:22  Probe (Chrono Boost)  
  15  0:39  Probe (Chrono Boost)  
  16  0:45  Gateway  
  16  0:49  Probe (Chrono Boost)  
  17  1:00  Probe (Chrono Boost)  
  18  1:13  Probe (Chrono Boost)  
  18  1:17  Nexus  
  19  1:27  Probe (Chrono Boost)  
  19  1:28  Assimilator  
  20  1:33  Cybernetics Core  
  20  1:38  Cybernetics Core  
  20  1:39  Probe (Chrono Boost)  
  21  1:43  Assimilator  
  21  1:55  Pylon  
  21  1:57  Probe (Chrono Boost)  
  22  2:01  Pylon  
  22  2:08  Probe (Chrono Boost)  
  23  2:14  Warp Gate (Chrono Boost)  
  23  2:15  Adept  
  25  2:22  Forge  
  25  2:26  Probe (Chrono Boost)  
  25  2:28  Probe (Chrono Boost)  
  27  2:36  Probe (Chrono Boost)  
  28  2:38  Probe  
  29  2:48  Probe x2  
  31  3:08  Photon Cannon  
  31  3:10  Probe  
  31  3:12  Probe  
  33  3:20  Gateway  
  33  3:21  Probe  
  33  3:22  Gateway  
  33  3:24  Probe  
  33  3:25  Gateway  
  35  3:31  Mothership Core  
  37  3:43  Pylon  
  37  3:44  Robotics Facility  
  37  3:47  Gateway  
  37  3:49  Probe  
  38  4:02  Probe, Pylon  
  38  4:04  Probe  
  40  4:27  Gateway x2  
  40  4:29  Pylon  
  40  4:31  Immortal (Chrono Boost)  
  40  4:38  Adept x4  
  53  5:08  Immortal (Chrono Boost)  
  53  5:09  Adept x3  
  53  5:10  Adept x2  
  50  5:49  Immortal (Chrono Boost)  
  50  5:54  Adept  
  50  5:55  Adept x4  
  50  5:56  Probe  
  60  5:57  Probe  
  62  6:06  Assimilator  
  62  6:07  Probe  
  62  6:09  Probe, Assimilator  
  62  6:10  Protoss Ground Weapons Level 1 (Chrono Boost)  
  62  6:12  Pylon  
  62  6:14  Pylon  
  62  6:17  Probe  
  62  6:22  Probe  
  62  6:28  Probe  
  62  6:29  Adept x6  
  62  6:30  Adept  
  71  6:34  Probe  
  64  7:01  Probe  
  64  7:03  Probe  
  64  7:04  Pylon  
  66  7:10  Robotics Bay  
  66  7:12  Probe, Robotics Facility  
  66  7:15  Probe  
  66  7:16  Pylon x2  
  66  7:18  Observer (Chrono Boost)  
  67  7:31  Probe  
  67  7:32  Probe  
  67  7:35  Nexus  
  69  7:37  Pylon  
  69  7:39  Immortal (Chrono Boost)  
  73  7:45  Mothership Core  
  75  7:53  Probe  
  75  7:56  Stalker x2  
  75  7:57  Stalker x4  
  88  8:00  Stalker  
  90  8:06  Probe  
  91  8:13  Probe  
  91  8:14  Colossus (Chrono Boost)  
  91  8:18  Probe  
  99  8:25  Probe  
  100  8:30  Probe, Zealot x2  
  105  8:34  Pylon  
  105  8:37  Stalker  
Tags
 
Add a new tag
Caveats
  • Supply blocks, unpowered buildings, or Contaminate may cause inaccurate times.
  • Supply counts are checked every 10 seconds.